 Dungeon Crawl Stone Soup version 0.29-a0-275-g389c0b56f3 (webtiles) character file.

Game seed: 7682491981531415476

947 Dabor the Skirmisher (level 7, -8/59 HPs)
             Began as a Palentonga Fighter on Mar 12, 2022.
             Was a Follower of Uskayaw.
             Mangled by an ogre
             ... wielding a +0 giant spiked club
              (20 damage)
             ... on level 6 of the Dungeon.
             The game lasted 00:07:54 (4886 turns).

Dabor the Skirmisher (Palentonga Fighter)           Turns: 4886, Time: 00:07:55

Health: -8/59      AC: 18    Str: 25    XL:     7   Next: 89%
Magic:  9/9        EV:  8    Int:  8    God:    Uskayaw [*.....]
Gold:   267        SH:  4    Dex: 10    Spells: 6/6 levels left

rFire   x . .      SeeInvis +   m - +3 mace
rCold   + . .      Faith    .   c - +0 buckler
rNeg    . . .      Spirit   .   b - +0 scale mail
rPois   .          Reflect  .   (no helmet)
rElec   .          Harm     .   o - +2 cloak
rCorr   +          Rampage  .   p - +0 pair of gloves
Will    .....                   (no barding)
Stlth   ..........              (no amulet)
HPRegen 0.19/turn               h - ring of resist corrosion
MPRegen 0.11/turn               s - ring of Nueleomi {Ice Str+4}

@: curled up
A: large, rugged brown scales 3, see invisible, deformed body, roll 1, armoured
tail, reflexive curl
a: Rolling Charge, Renounce Religion, Stomp


You were on level 6 of the Dungeon.
You worshipped Uskayaw.
Uskayaw was noncommittal.
You visited 1 branch of the dungeon, and saw 6 of its levels.

You collected 267 gold pieces.

Inventory:

Hand Weapons
 m - a +3 mace (weapon)
Armour
 b - a +0 scale mail (worn)
 c - a +0 buckler (worn)
 o - a +2 cloak (worn)
 p - a +0 pair of gloves (worn)
Jewellery
 h - a ring of resist corrosion (left hand)
 q - a ring of wizardry
 s - the ring of Nueleomi (right hand) {Ice Str+4}
   (You found it on level 4 of the Dungeon)

   [ring of ice]

   It enhances your ice magic.
   Str:       It affects your strength (+4).
   rF:        It makes you vulnerable to fire.
   rC:        It protects you from cold.
 t - a ring of fire
Wands
 i - a wand of iceblast (8)
 l - a wand of flame (32)
Scrolls
 f - 4 scrolls of identify {unknown}
 g - 2 scrolls of fear {unknown}
 n - 2 scrolls of magic mapping {unknown}
 r - 2 scrolls of teleportation {unknown}
 u - a scroll of blinking {unknown}
Potions
 a - a potion of attraction {unknown}
 d - a potion of might
 e - a potion of mutation {unknown}
 j - 2 potions of curing
 k - a potion of resistance {unknown}


   Skills:
 * Level 5.3 Fighting
 * Level 5.0 Axes
 + Level 3.6 Armour
 + Level 2.1 Dodging
 + Level 3.7 Shields
 + Level 2.8 Invocations


You had 6 spell levels left.
You didn't know any spells.
Your spell library contained the following spells:

 Spells                   Type           Power      Damage    Failure   Level
 Corpse Rot               Necr/Air       0%         N/A       88%         2
 Poisonous Vapours        Pois/Air       0%         N/A       88%         2
 Conjure Flame            Conj/Fire      0%         6-21      98%         3
 Ignite Poison            Fire/Tmut/Pois 0%         N/A       98%         3
 Sticky Flame             Conj/Fire      0%         2d3       100%        4
 Summon Lightning Spire   Summ/Air       0%         N/A       100%        4
 Fireball                 Conj/Fire      0%         3d3       100%        5
 Iskenderun's Battlesphe  Conj           0%         2d6       100%        5
 Conjure Ball Lightning   Conj/Air       0%         3x3d6     100%        6
 Orb of Destruction       Conj           0%         9d5       100%        7
 Storm Form               Tmut/Air       0%         N/A       100%        7
 Maxwell's Capacitive Co  Air            0%         ∞         100%        8


Dungeon Overview and Level Annotations

Branches:
Dungeon (6/15)             Temple (0/1) D:4

Altars:
Uskayaw


Innate Abilities, Weirdness & Mutations

You are completely covered in rugged brown scales. (AC +3, +7% HP)
You have supernaturally acute eyesight. (SInv)
Armour fits poorly on your strangely shaped body.
You can roll at nearby foes to attack.
You have a long armoured tail.
You curl defensively after being hit. (AC +7*)


Message History

(D) Dungeon (T) Temple
Where to? (Enter - D:5, ? - help)
There is an open door here.
There is an open door here.
As you open the door, it creaks loudly!
No target in view!
(D) Dungeon (T) Temple
Where to? (Enter - D:6, ? - help)
There is an open door here.
There is a stone staircase leading down here.
You climb downwards.
You hear the sound of rushing water.
There is an entrance to a sewer on this level.
Hurry and find it before the portal rusts away!
The ogre shouts!
Found a potion of curing and a scroll labelled KAG ACUOMURAEROU.
There is a stone staircase leading up here.
You barely miss the ogre.
You tail-slap the ogre, but do no damage.
The ogre hits you with a +0 giant spiked club!!
You barely miss the ogre. You tail-slap the ogre.
The ogre is lightly wounded.
You block the ogre's attack.
You barely miss the ogre.
The ogre is lightly wounded.
You hit the ogre. You tail-slap the ogre.
The ogre is moderately wounded.
You block the ogre's attack.
You hit the ogre.
The ogre is heavily wounded.
The ogre hits you with a +0 giant spiked club!
You are too injured to fight recklessly!
You are too injured to fight recklessly!
You barely miss the ogre.
The ogre is heavily wounded.
The ogre hits you with a +0 giant spiked club!
* * * LOW HITPOINT WARNING * * *
You barely miss the ogre.
The ogre is heavily wounded.
The ogre hits you with a +0 giant spiked club!!
You die...

#### .... #..#
.. #..#
#..###..#
#.......######.
#...<...!...
####@######.
#O# #?# #.# #.#
#.. ###


You could see an ogre.

Vanquished Creatures
  A shadow (D:5)
  Duvessa (D:4)
  An ice beast (D:5)
  A sky beast (D:5)
  Dowan (D:4)
  4 hounds
  Crazy Yiuf (D:2)
  A jelly (D:4)
  Terence (D:3)
  Jessica (D:3)
  An iguana (D:5)
  An orc wizard (D:5)
  8 adders
  A shadow imp (D:5)
  3 ufetubi
  3 dart slugs
  10 orcs
  6 endoplasms
  2 giant cockroaches
  4 goblins
  5 hobgoblins
  2 jackals (D:4)
  4 kobolds
  5 quokkas
  7 ball pythons
  5 bats
  A frilled lizard (D:2)
  4 rats
85 creatures vanquished.

Vanquished Creatures (others)
  9 plants (D:2)
9 creatures vanquished.

Grand Total: 94 creatures vanquished

Notes
Turn   | Place    | Note
-------+----------+-------------------------------------------
     0 | D:1      | Dabor the Palentonga Fighter began the quest for the Orb.
     0 | D:1      | Reached XP level 1. HP: 19/19 MP: 1/1
   481 | D:1      | Reached XP level 2. HP: 23/25 MP: 2/2
  1207 | D:2      | Found a faded altar of an unknown god.
  1254 | D:2      | Reached XP level 3. HP: 31/31 MP: 3/3
  1829 | D:2      | Found a runed translucent door.
  1830 | D:2      | Noticed Crazy Yiuf
  1837 | D:2      | Killed Crazy Yiuf
  1838 | D:2      | Reached XP level 4. HP: 27/37 MP: 4/4
  2018 | D:2      | Prayed at the altar of an unknown god.
  2018 | D:2      | Became a worshipper of Uskayaw the Reveller
  2018 | D:2      | Reached * piety under Uskayaw
  2034 | D:3      | Noticed Terence
  2038 | D:3      | Reached ** piety under Uskayaw
  2041 | D:3      | Killed Terence
  2460 | D:3      | Reached XP level 5. HP: 44/44 MP: 5/5
  2514 | D:3      | Reached skill level 1 in Invocations
  2570 | D:3      | Noticed Jessica
  2574 | D:3      | Killed Jessica
  3379 | D:4      | Reached skill level 1 in Dodging
  3379 | D:4      | Reached XP level 6. HP: 48/51 MP: 6/6
  3400 | D:4      | Found a staircase to the Ecumenical Temple.
  3436 | D:4      | Identified the ring of Nueleomi {Ice Str+4}
  3488 | D:4      | Noticed Duvessa
  3488 | D:4      | Noticed Dowan
  3503 | D:4      | Killed Duvessa
  3507 | D:4      | Reached *** piety under Uskayaw
  3508 | D:4      | Killed Dowan
  3948 | D:5      | Entered Level 5 of the Dungeon
  3969 | D:5      | Noticed a sky beast
  3979 | D:5      | Killed a sky beast
  3980 | D:5      | Gained mutation: You curl defensively after being hit. (AC
                  | +7*) [Palentonga growth]
  3980 | D:5      | Reached XP level 7. HP: 45/58 MP: 1/8
  4102 | D:5      | Noticed a shadow
  4111 | D:5      | Killed a shadow
  4111 | D:5      | Reached **** piety under Uskayaw
  4112 | D:5      | Reached skill level 5 in Fighting
  4114 | D:5      | Reached ***** piety under Uskayaw
  4753 | D:5      | Reached skill level 5 in Axes
  4886 | D:6      | Mangled by an ogre

Illustrated notes

Levels and vault maps discovered:
D:1:      lemuel_arrival_room, layout_basic
D:2:      layout_loops_ring, hellmonk_ecumenical_altar_lost_god,
          serial_bayou_lake_a, uniq_crazy_yiuf_cottage
D:3:      layout_loops_ring, dk_noncrumbling_3, uniq_jessica, uniq_terence
D:4:      layout_gridville, minmay_temple_entry_statues_pillars, uniq_duvessa
D:5:      layout_gridville, chequers_serial_rivers_micro_d,
          kennysheep_generic_room_15
D:6:      layout_loops_ring, portal_sewer_entry_b, nicolae_elemental_shop

Skill      XL: |  1  2  3  4  5  6  7 |
---------------+----------------------+-----
Shields        | 3 |  3.7
Armour         | 3 |  3.6
Axes           | 3 4 5 |  5.0
Invocations    | 1 2 |  2.8
Fighting       | 4 5 |  5.3
Dodging        | 1 2 |  2.1

Action                   |  1- 3 |  4- 6 |  7- 9 || total
-------------------------+-------+-------+-------++-------
Melee: War axe           |    63 |       |       ||    63
       Tailslap          |    11 |    14 |     5 ||    30
       Mace              |    17 |   122 |    50 ||   189
Invok: Stomp             |       |     3 |     3 ||     6
 Abil: Rolling Charge    |       |     2 |     2 ||     4
  Use: Potion            |       |     1 |     1 ||     2
 Stab: Paralysed         |       |     1 |     1 ||     2
Armor: Scale mail        |    44 |   113 |    41 ||   198
Dodge: Dodged            |    32 |    50 |    30 ||   112
Block: Buckler           |    13 |    30 |    15 ||    58

Table legend: (Time is in decaauts)
 A = Elapsed time spent in this place.
 B = Non-inter-level travel time spent in this place.
 C = Inter-level travel time spent in this place.
 D = Time resting spent in this place.
 E = Time spent auto-exploring this place.
 F = Levels seen in this place.
 G = Mean time per level.
                   A        B        C        D        E       F      G
               +--------+--------+--------+--------+--------+-----+--------+
         Total |   4995 |   4822 |    173 |    885 |   3163 |   6 |  832.5 |
       Dungeon |   4995 |   4822 |    173 |    885 |   3163 |   6 |  832.5 |
               +--------+--------+--------+--------+--------+-----+--------+

Top non-repeatable levels by time:
     D:3: 1058 daAuts
     D:1: 1053 daAuts
     D:2: 1026 daAuts
     D:5: 944 daAuts
     D:4: 903 daAuts
     D:6: 9 daAuts
